 Dungeon Sprint DCSS version 0.17-a0-1718-g72dbe4d (webtiles) character file.

10593 Kidiri the Unseen (level 11, -15/47 HPs)
             Began as a Spriggan Enchanter on Aug 25, 2015.
             Was an Elder of Dithmenos.
             Demolished by an electric golem (18 damage)
             ... in the Dungeon (Sprint II: "The Violet Keep of Menkaure").
             The game lasted 00:13:46 (1564 turns).

Kidiri the Unseen (Spriggan Enchanter)              Turns: 1564, Time: 00:13:46

Health: -15/47     AC:  4    Str:  3    XL:     11   Next: 38%
Magic:  1/30       EV: 32    Int: 18    God:    Dithmenos [****..]
Gold:   12         SH:  0    Dex: 18    Spells: 10 memorised, 2 levels left

rFire  . . .     SeeInvis +     a - +2 dagger
rCold  . . .     Clarity  .     z - +1 robe {MR+}
rNeg   . . .     SustAt   .     (shield restricted)
rPois  .         Gourm    .     l - +1 hat
rElec  .         Spirit   .     (no cloak)
rCorr  .         Warding  .     (gloves unavailable)
rMut   .         NoTele   +     (boots unavailable)
MR     ++...                    (no amulet)
Stlth  ++++++++++               (no ring)
                                (no ring)

@: very slightly contaminated, wreathed by umbra, very quick, very resistant to
hostile enchantments, uncannily stealthy
A: unfitting armour, see invisible, herbivore 3, speed 3, slow metabolism 2,
weak 1, evolution 1
a: Shadow Step, Renounce Religion


You were in the Dungeon.
You worshipped Dithmenos.
Dithmenos was greatly pleased with you.
You were not hungry.

You visited 1 branch You collected 1451 gold pieces.
You spent 1439 gold pieces at shops.

Inventory:

Hand weapons
 a - a +2 dagger (weapon)
Armour
 l - a +1 hat (worn)
 z - a +1 robe of magic resistance (worn)
Scrolls
 k - a scroll of identify
 q - a scroll of recharging
 r - 4 scrolls of remove curse
 v - a scroll of amnesia
 w - a scroll of fog
Potions
 e - 5 potions of flight
 f - 3 potions of heal wounds
 g - 3 potions of haste
 h - 4 potions of magic
 i - a potion of berserk rage
 j - 10 potions of curing
 n - a potion of might
 o - 3 potions of resistance
 p - a potion of cancellation
 t - a potion of agility
Comestibles
 d - 5 bread rations
 s - 2 fruits


   Skills:
 + Level 9.5 Short Blades
 * Level 16.4 Dodging
 * Level 18.1 Stealth
 * Level 14.4 Spellcasting
 + Level 6.1 Conjurations
 + Level 11.0 Hexes
 + Level 3.1 Translocations
 + Level 8.0 Transmutations
 + Level 6.7 Ice Magic
 + Level 5.7 Earth Magic
 - Level 4.2 Invocations


You had 2 spell levels left.
You knew the following spells:

 Your Spells              Type           Power        Failure   Level  Hunger
a - Corona                Hex            ######.      1%          1    None
b - Ensorcelled Hibernat  Hex/Ice        #####.       1%          2    None
c - Confuse               Hex            ######..     1%          3    None
d - Tukima's Dance        Hex            ######..     1%          3    None
e - Dazzling Spray        Conj/Hex       #####...     1%          3    None
f - Passwall              Trmt/Erth      #####.....   1%          3    None
g - Darkness              Hex            ######....   10%         6    #####..
h - Invisibility          Hex            ######..     10%         6    #####..
i - Lee's Rapid Deconstr  Erth           ####......   17%         5    ####...
j - Passage of Golubria   Tloc           N/A          17%         4    None


Dungeon Overview and Level Annotations

Branches:
Dungeon (1/1)

Altars:
Cheibriados
Dithmenos
Elyvilon
Fedhas
Gozag
Kikubaaqudgha
Makhleb
Nemelex Xobeh
Okawaru
Qazlal
Ru
Sif Muna
Trog
Vehumet
Xom
Yredelemnul
Zin
The Shining One
Beogh
Jiyva
Lugonu

Shops:
D :%=![:?(}?:=![[[

Annotations:
D exclusions: oklob plant and orange crystal statue


Innate Abilities, Weirdness & Mutations

You are tiny and cannot use many weapons and most armour.
You have supernaturally acute eyesight.
You are a herbivore.
You cover ground extremely quickly.
You need consume almost no food.
You are weak. (Str -2)
You evolve.


Message History

Press: ? - help, Shift-Dir - straight line, f/p - toenail golem
Aim: a toenail golem (heavily damaged, umbra)
Okay, then.
Unknown command.
Casting: Dazzling Spray
Confirm with . or Enter, or press ? or * to list all spells.
Aiming: Lee's Rapid Deconstruction
Press: ? - help, Dir - move target cursor, f/p - toenail golem Fragment what (e.g. wall or brittle monster)?: a toenail golem (heavily damaged, umbra)
Okay, then.
Casting: Lee's Rapid Deconstruction
Confirm with . or Enter, or press ? or * to list all spells.
Aiming: Passage of Golubria
Press: ? - help, Dir - move target cursor, p - toenail golem The electric golem closely misses you.
The electric golem completely misses you. x3
The electric golem hits you!
* * * LOW HITPOINT WARNING * * *
The electric golem shocks you!!
You die...

#+####,,,,,,,,*,,,,,*,▓▓▓,**,,**,
≈≈≈≈≈##⌠,,,,#+▓**,,,*,..▓,**,,**,
≈≈≈≈≈≈##,,,,*.$▓▓▓+▓▓▓▓.▓,*,,,**,
§8≈§≈≈≈##++##,§.+§§§▓0..▓,,,,,***
§§§§≈≈##≈^^.###.#§§.▓▓▓▓▓▓▓▓▓▓***
≈§§≈≈*#)≈.....#.#§..▓≈§§≈≈≈§§▓▓*,
+#+++#####...^#8##§§▓▓▓▓▓▓▓▓▓▓▓*+
......#.%+....#^8#[=▓...(....▓▓,,
#+##..#..####.#.@#)|▓..%..)..▓▓,⌠
...##.####.)+.##8#=)▓.....[..▓▓,,
.#).#....#..#^..####▓.([(.)[.▓▓,,
...####..#####..##.#▓(..)(..[▓▓,,
#+###.##..#.%+..#..#▓....(..[▓▓,,
#.##...#..#.%#^.#..#▓..%).[..▓▓,⌠
.<.+##.+..####..##)#▓)......[▓▓,,
#.##...#....###...##▓▓▓▓▓▓▓+▓▓▓▓+
#+###.##....§.≈≈≈≈≈≈≈≈≈≈≈≈≈...≈≈≈


You could see an iron golem, an electric golem and a toenail golem.

Vanquished Creatures
  A deep elf master archer (D)
  A kraken (D)
  A crystal guardian (D)
  A fire dragon (D)
  2 hell hogs (D)
  2 death drakes (D)
  3 griffons (D)
  A siren (D)
  A yaktaur (D)
  3 polar bears (D)
  A blink frog (D)
  2 hippogriffs (D)
  A swamp drake (D)
  A wasp (D)
  4 necrophages (D)
  A crocodile (D)
  2 earth elementals (D)
  4 worker ants (D)
32 creatures vanquished.

Vanquished Creatures (others)
  Menkaure (D)
  A swamp drake (D)
  A crocodile (D)
3 creatures vanquished.

Grand Total: 35 creatures vanquished

Notes
Turn   | Place    | Note
--------------------------------------------------------------
     0 | D        | Kidiri the Spriggan Enchanter began the quest for the Orb.
     0 | D        | Reached XP level 1. HP: 9/9 MP: 5/5
     1 | D        | Noticed a siren
     4 | D        | Noticed a hippogriff
     4 | D        | Noticed a hippogriff
     8 | D        | Noticed a necrophage
     8 | D        | Noticed a necrophage
     8 | D        | Noticed a necrophage
     8 | D        | Noticed a necrophage
    11 | D        | Noticed a worker ant
    11 | D        | Noticed a worker ant
    11 | D        | Noticed a worker ant
    11 | D        | Noticed a worker ant
    14 | D        | Killed a worker ant
    14 | D        | Reached skill level 6 in Stealth
    14 | D        | Reached XP level 2. HP: 13/13 MP: 6/8
    17 | D        | Killed a worker ant
    17 | D        | Reached skill level 5 in Dodging
    17 | D        | Reached skill level 7 in Stealth
    17 | D        | Reached skill level 5 in Spellcasting
    17 | D        | Reached XP level 3. HP: 16/16 MP: 6/10
    18 | D        | Killed a worker ant
    18 | D        | Reached XP level 4. HP: 21/21 MP: 6/12
    36 | D        | Killed a crocodile
    45 | D        | Killed a worker ant
    45 | D        | Reached skill level 8 in Stealth
    45 | D        | Reached skill level 5 in Hexes
    63 | D        | Learned a level 2 spell: Ensorcelled Hibernation
    67 | D        | Learned a level 3 spell: Confuse
    71 | D        | Learned a level 3 spell: Tukima's Dance
    75 | D        | Learned a level 3 spell: Dazzling Spray
    96 | D        | Killed Menkaure
   209 | D        | Killed a necrophage
   209 | D        | Reached skill level 9 in Stealth
   209 | D        | Reached skill level 1 in Conjurations
   209 | D        | Reached skill level 1 in Ice Magic
   209 | D        | Reached XP level 5. HP: 24/24 MP: 13/15
   210 | D        | Killed a necrophage
   210 | D        | Reached skill level 10 in Stealth
   215 | D        | Killed a necrophage
   215 | D        | Reached XP level 6. HP: 28/28 MP: 14/18
   217 | D        | Killed a necrophage
   217 | D        | Reached skill level 5 in Short Blades
   217 | D        | Reached skill level 11 in Stealth
   246 | D        | Killed a hippogriff
   246 | D        | Reached skill level 10 in Dodging
   246 | D        | Reached XP level 7. HP: 32/32 MP: 18/20
   255 | D        | Killed a hippogriff
   255 | D        | Reached skill level 12 in Stealth
   273 | D        | Killed a siren
   273 | D        | Reached skill level 13 in Stealth
   273 | D        | Reached skill level 10 in Spellcasting
   273 | D        | Reached XP level 8. HP: 36/36 MP: 23/23
   290 | D        | Noticed an orange crystal statue
   292 | D        | Noticed a crocodile
   293 | D        | Found Conow's Antique Armour Shoppe.
   294 | D        | Killed a crocodile
   295 | D        | Found Kuumij's Antique Armour Shoppe.
   295 | D        | Found Xintuz's Antique Armour Emporium.
   319 | D        | Noticed a lava snake
   319 | D        | Noticed a lava snake
   320 | D        | Noticed a lava snake
   321 | D        | Noticed a lava snake
   326 | D        | Found Qomok's Distillery.
   327 | D        | Found Taaqude's Magic Scroll Shoppe.
   327 | D        | Found Gunyqu's Gadget Emporium.
   327 | D        | Found Josionyrph's Antique Weapon Shoppe.
   328 | D        | Noticed a blink frog
   337 | D        | Killed a blink frog
   347 | D        | Found Gautast's Book Emporium.
   347 | D        | Found Wicw's Antique Armour Shoppe.
   399 | D        | Found Gessat's Jewellery Shoppe.
   399 | D        | Found Vacuacen's Distillery.
   400 | D        | Found Anagoi's Jewellery Shoppe.
   400 | D        | Found Gaps's Food Emporium.
   401 | D        | Found Oriav's Magic Scroll Emporium.
   402 | D        | Found Kuzxeddu's Book Emporium.
   404 | D        | Noticed an iron elemental
   405 | D        | Noticed an oklob plant
   406 | D        | Found Susel's Book Shoppe.
   409 | D        | Noticed a redback
   410 | D        | Noticed a redback
   412 | D        | Bought a potion of mutation for 30 gold pieces
   413 | D        | Noticed an unseen horror
   414 | D        | Bought a book of Burglary for 825 gold pieces
   418 | D        | Learned a level 3 spell: Passwall
   425 | D        | Learned a level 6 spell: Darkness
   432 | D        | Learned a level 6 spell: Invisibility
   446 | D        | Gained mutation: You are weak. (Str -2) [potion of mutation]
   446 | D        | Gained mutation: You evolve. [potion of mutation]
   464 | D        | Bought a hat for 76 gold pieces
   516 | D        | Found a sacrificial altar of Ru.
   517 | D        | Found a roughly hewn altar of Beogh.
   517 | D        | Found a sparkling altar of Nemelex Xobeh.
   518 | D        | Found a stormy altar of Qazlal.
   518 | D        | Found a white marble altar of Elyvilon.
   519 | D        | Found an iron altar of Okawaru.
   519 | D        | Found a blossoming altar of Fedhas.
   519 | D        | Found a corrupted altar of Lugonu.
   519 | D        | Found a burning altar of Makhleb.
   519 | D        | Found a shimmering altar of Xom.
   520 | D        | Found a bloodstained altar of Trog.
   520 | D        | Found a glowing silver altar of Zin.
   520 | D        | Found a basalt altar of Yredelemnul.
   521 | D        | Found a shadowy altar of Dithmenos.
   521 | D        | Found a deep blue altar of Sif Muna.
   521 | D        | Found an opulent altar of Gozag.
   522 | D        | Found a snail-covered altar of Cheibriados.
   579 | D        | Noticed a yaktaur
   579 | D        | Noticed a wasp
   579 | D        | Noticed a polar bear
   581 | D        | Noticed a polar bear
   581 | D        | Noticed a polar bear
   586 | D        | Killed a polar bear
   586 | D        | Reached skill level 1 in Transmutations
   586 | D        | Reached skill level 1 in Earth Magic
   591 | D        | Killed a polar bear
   591 | D        | Reached skill level 14 in Stealth
   594 | D        | Killed a polar bear
   597 | D        | Killed a wasp
   597 | D        | Reached XP level 9. HP: 39/39 MP: 9/25
   600 | D        | Killed a yaktaur
   617 | D        | Found a glowing golden altar of the Shining One.
   617 | D        | Found a radiant altar of Vehumet.
   618 | D        | Found an ancient bone altar of Kikubaaqudgha.
   618 | D        | Found a viscous altar of Jiyva.
   622 | D        | Noticed a crocodile
   622 | D        | Noticed a crocodile
   624 | D        | Became a worshipper of Dithmenos the Shadowed
   637 | D        | Noticed a griffon
   638 | D        | Noticed a griffon
   638 | D        | Noticed a griffon
   641 | D        | Killed a griffon
   641 | D        | Reached skill level 1 in Invocations
   643 | D        | Killed a griffon
   643 | D        | Reached skill level 15 in Stealth
   643 | D        | Reached skill level 5 in Ice Magic
   646 | D        | Killed a griffon
   701 | D        | Learned a level 5 spell: Lee's Rapid Deconstruction
   701 | D        | Noticed a death drake
   701 | D        | Noticed a swamp drake
   702 | D        | Noticed a death drake
   702 | D        | Noticed a crystal guardian
   702 | D        | Noticed a swamp drake
   703 | D        | Killed a swamp drake
   705 | D        | Killed a crystal guardian
   705 | D        | Reached skill level 5 in Conjurations
   705 | D        | Reached skill level 5 in Transmutations
   705 | D        | Reached XP level 10. HP: 44/44 MP: 16/27
   707 | D        | Killed a death drake
   707 | D        | Acquired Dithmenos's first power
   707 | D        | Reached skill level 16 in Stealth
   712 | D        | Killed a swamp drake
   724 | D        | Killed a death drake
   724 | D        | Reached skill level 10 in Hexes
   933 | D        | Noticed a fire dragon
   936 | D        | Killed a fire dragon
   936 | D        | Reached skill level 15 in Dodging
   957 | D        | Noticed a deep elf master archer
   960 | D        | Noticed a hell hog
   960 | D        | Noticed a hell hog
   962 | D        | Killed a hell hog
   962 | D        | Acquired Dithmenos's second power
   964 | D        | Killed a hell hog
   964 | D        | Reached skill level 17 in Stealth
  1011 | D        | Noticed a kraken
  1162 | D        | Killed a kraken
  1162 | D        | Acquired Dithmenos's third power
  1162 | D        | Reached skill level 5 in Earth Magic
  1162 | D        | Reached XP level 11. HP: 30/47 MP: 8/30
  1324 | D        | Bought a potion of heal wounds for 60 gold pieces
  1324 | D        | Bought a potion of heal wounds for 60 gold pieces
  1324 | D        | Bought 2 potions of curing for 72 gold pieces
  1324 | D        | Bought 2 potions of curing for 72 gold pieces
  1325 | D        | Bought a scroll of remove curse for 42 gold pieces
  1325 | D        | Bought a scroll of identify for 28 gold pieces
  1325 | D        | Bought 2 scrolls of identify for 56 gold pieces
  1325 | D        | Bought a scroll of identify for 28 gold pieces
  1325 | D        | Bought a scroll of identify for 28 gold pieces
  1325 | D        | Bought a scroll of magic mapping for 49 gold pieces
  1331 | D        | Learned a level 4 spell: Passage of Golubria
  1346 | D        | Bought an embroidered robe for 13 gold pieces
  1402 | D        | Noticed an ice statue
  1435 | D        | Killed a deep elf master archer
  1435 | D        | Reached skill level 18 in Stealth
  1450 | D        | Noticed an electric golem
  1450 | D        | Noticed a toenail golem
  1450 | D        | Noticed an earth elemental
  1450 | D        | Noticed an earth elemental
  1555 | D        | Killed an earth elemental
  1559 | D        | Noticed an iron golem
  1562 | D        | Killed an earth elemental
  1564 | D        | Demolished by an electric golem

Vault maps used:
D:        the_violet_keep_of_menkaure

Action                   |  1- 3 |  4- 6 |  7- 9 | 10-12 || total
-------------------------+-------+-------+-------+-------++-------
Melee: Dagger            |     3 |    27 |    27 |    23 ||    80
 Cast: Corona            |       |     2 |       |       ||     2
       Ensorcelled Hiber |       |       |    10 |    10 ||    20
       Dazzling Spray    |       |       |     3 |     8 ||    11
       Confuse           |       |       |     3 |     1 ||     4
       Lee's Rapid Decon |       |       |       |     3 ||     3
       Passage of Golubr |       |       |       |     1 ||     1
Invok: Shadow Step       |       |       |       |     1 ||     1
  Use: Potion            |       |       |     1 |     3 ||     4
       Scroll            |       |       |       |    14 ||    14
 Stab: Sleeping          |     3 |     5 |    10 |     8 ||    26
       Confused          |       |       |     5 |     2 ||     7
       Invisible         |       |       |     1 |     1 ||     2
